 Dungeon Crawl Stone Soup version 0.28-b1-25-g9875b3fc8c (webtiles) character file.

Game seed: 6737235440240091117

4 sanka the Magician (level 1, -2/11 HPs)
             Began as a Deep Elf Transmuter on Feb 7, 2022.
             Slain by a hobgoblin (5 damage)
             ... on level 1 of the Dungeon.
             The game lasted 00:00:20 (155 turns).

sanka the Magician (Deep Elf Transmuter)             Turns: 155, Time: 00:00:21

Health: -2/11      AC:  2    Str:  7    XL:     1   Next: 58%
Magic:  6/7        EV: 12    Int: 17    God:
Gold:   0          SH:  0    Dex: 15    Spells: 6/7 levels left

rFire   . . .      SeeInvis .     - Unarmed
rCold   . . .      Faith    .   (no shield)
rNeg    . . .      Spirit   .   a - +0 robe
rPois   .          Reflect  .   (helmet currently unavailable)
rElec   .          Harm     .   (no cloak)
rCorr   .          Rampage  .   (no gloves)
Will    .....                   (boots currently unavailable)
Stlth   +.........              (no amulet)
HPRegen 0.03/turn               (no ring)
MPRegen 0.10/turn               (no ring)

@: appendages
A: horns 2, talons 2
a: End Transformation


You were on level 1 of the Dungeon.
You had temporarily grown beastly horns and talons.
You visited 1 branch of the dungeon, and saw 1 of its levels.

Inventory:

Armour
 a - a +0 robe (worn)


   Skills:
 - Level 0.7 Fighting
 - Level 2.4 Dodging
 - Level 2.4 Unarmed Combat
 + Level 3.5 Spellcasting
 - Level 2.1 Transmutations


You had 6 spell levels left.
You knew the following spells:

 Your Spells              Type           Power      Damage    Failure   Level
a - Beastly Appendage     Tmut           20%        N/A       7%          1

Your spell library contained the following spells:

 Spells                   Type           Power      Damage    Failure   Level
 Wereblood                Tmut           10%        N/A       10%         2
 Spider Form              Tmut/Pois      6%         N/A       32%         3
 Ice Form                 Ice/Tmut       6%         N/A       71%         4


Dungeon Overview and Level Annotations

Branches:
Dungeon (1/15)

Altars:

Shops:
D:1 ?


Innate Abilities, Weirdness & Mutations

You have temporarily grown beastly horns and talons.


Message History

Your horns disappear.
Your talons disappear.
A kobold comes into view. It is wielding a +0 dagger.
The kobold shouts!
You hear a shout!
A kobold is nearby!
A kobold is nearby!
You grow a pair of large bovine horns.
Your feet morph into talons.
The kobold throws a stone.
The stone closely misses you.
Your transformation is almost over.
A hobgoblin comes into view.
The hobgoblin shouts!
The hobgoblin enters a dispersal trap!
The kobold blinks!
You blink.
Found Saumaf's Magic Scroll Emporium.
The kobold hits you with a +0 dagger.
You miss the kobold. Your kick misses the kobold. The kobold barely misses you.
You closely miss the kobold. You claw the kobold, but do no damage.
The kobold barely misses you. The hobgoblin barely misses you.
You completely miss the kobold. The kobold closely misses you.
The hobgoblin completely misses you.
You closely miss the kobold. Your kick misses the kobold.
The kobold hits you with a +0 dagger.
The hobgoblin hits you but does no damage.
You hit the kobold but do no damage. Your kick misses the kobold.
The kobold hits you but does no damage. The hobgoblin hits you.
* * * LOW HITPOINT WARNING * * *
The kobold throws a stone.
The stone hits you but does no damage. The hobgoblin misses you.
You hit the hobgoblin but do no damage. Your headbutt misses the hobgoblin.
Your horns disappear.
Your talons disappear.
You are too injured to fight recklessly!
Casting: Beastly Appendage (safe; 7% risk of failure)
Confirm with . or Enter, or press ? or * to list all spells.
You grow a pair of large bovine horns.
Your feet morph into talons.
The hobgoblin barely misses you.
You closely miss the hobgoblin. Your kick misses the hobgoblin.
The hobgoblin hits you but does no damage.
You hit the hobgoblin.
The hobgoblin is lightly wounded.
The hobgoblin hits you.
You die...

#...# ..... #...# ....
#...# ...∩ #...# .. ...#
.# #...# .. ...# .# #...#
#. .#.# .### #...#
#.#.#.###.... ### ##.<.##
## #...#@##... ..g.
#.....###.##..##g##.###..#
..8.>..###.#..#.K........#
...)....###..............#
...#.....###..#.#.#?######
..###.....##..#.#.#.# .#
##.....##.#.#.#.# #
##.....#...#.#.#
##....†..##....


You could see a hobgoblin and a kobold.

Vanquished Creatures
  A giant cockroach (D:1)
  2 quokkas (D:1)
  A ball python (D:1)
4 creatures vanquished.

Notes
Turn   | Place    | Note
-------+----------+-------------------------------------------
     0 | D:1      | sanka the Deep Elf Transmuter began the quest for the Orb.
     0 | D:1      | Reached XP level 1. HP: 11/11 MP: 6/6
   143 | D:1      | Found Saumaf's Magic Scroll Emporium.
   155 | D:1      | Slain by a hobgoblin

Illustrated notes

Levels and vault maps discovered:
D:1:      psy_arrival_spokes, layout_loops_ring,
          chequers_ecumenical_altar_twisty, serial_shops, shop,
          serial_bayou_crossing

Action                   || total
-------------------------++-------
Melee: Unarmed           ||    19
       Kick              ||     5
       Headbutt          ||     2
       Punch             ||     1
 Cast: Beastly Appendage ||     5
Armor: Robe              ||     5
Dodge: Dodged            ||    17
